AoeStats
← lorry7138

Pilgrims

510117129Analyzed
2v2 RM · 2d ago on Sep 29, 2026· 59m 28s· 4 players
Game mode
Random Map
Map size
Medium (4 player)
Population
200
Speed
Normal
Resources
Standard
Victory
Conquest
Starting age
Dark Age
Ending age
Imperial Age
RankedLock teamsTeams togetherTeam positionsShared explorationLock speedFull tech treeHidden civsTurbo modeCheats
Victory
Defeat
🇨🇳 Armenians · China
1031
+15
🇹🇷 Italians · Türkiye
927
+21
🇵🇪 Magyars · Peru
1016
-18
🇦🇷 Byzantines · Argentina
1013
-18
Vane
3:38 Loom
11:25 Feudal Age
11:53 Double-Bit Axe
16:19 Scale Barding Armor
22:01 Castle Age
20:28 Bloodlines
23:28 Horse Collar
24:10 Heavy Plow
26:39 Wheelbarrow
25:59 Gold Mining
28:08 Murder Holes
34:32 Imperial Age
33:55 Fletching
34:06 Padded Archer Armor
37:03 Ballistics
37:51 Hand Cart
39:54 Gold Shaft Mining
46:24 Corvinian Army
50:50 Thumb Ring
50:06 Crossbowman
51:30 Leather Archer Armor
51:11 Bodkin Arrow
53:02 Ring Archer Armor
55:49 Chemistry
cesarb011001
11:54 Feudal Age
11:28 Loom
14:06 Wheelbarrow
14:50 Fishing Lines
Viki
8:15 Loom
11:08 Feudal Age
15:11 Double-Bit Axe
18:15 Castle Age
20:04 Stone Mining
20:24 Fishing Lines
24:00 Fletching
24:07 Horse Collar
24:16 Town Watch
24:52 Bow Saw
26:29 Husbandry
27:09 Bloodlines
27:30 Scale Barding Armor
30:08 Light Cavalry
33:16 Bodkin Arrow
38:24 Wheelbarrow
41:50 Hand Cart
41:35 Town Patrol
43:13 Hand Cart
44:39 Hand Cart
44:24 Town Patrol
46:20 Chain Barding Armor
46:10 Forging
50:41 Imperial Age
50:32 Iron Casting
52:38 Chemistry
51:53 Heavy Plow
52:09 Hussar
53:41 Iron Casting
58:53 Conscription
lorry7138
3:32 Loom
10:29 Feudal Age
11:54 Wheelbarrow
11:04 Town Watch
11:11 Double-Bit Axe
11:37 Fishing Lines
13:04 Gold Mining
17:21 Castle Age
15:24 Fletching
15:30 Stone Mining
18:15 Gillnets
19:51 Medium Warships
19:44 Murder Holes
20:26 Treadmill Crane
21:03 Bodkin Arrow
22:25 Careening
23:21 Squires
24:28 Bow Saw
26:39 Gold Shaft Mining
26:12 Pikeman
27:08 Forging
26:59 Scale Mail Armor
35:10 Imperial Age
33:50 Hand Cart
34:35 Halberdier
37:04 Heavy Warships
37:33 Guilds
38:57 Guilds
39:18 Coinage
38:48 Caravan
39:07 Capped Ram
40:03 Town Patrol
40:48 Fervor
40:01 Heavy Scorpion
43:14 Banking
43:16 Clinker Construction
44:08 Conscription
45:42 Fereters
46:32 Hoardings
46:47 Ballistics
49:14 Elite Composite Bowman
51:35 Man-at-Arms
52:01 Gambesons
52:02 Arson
52:30 Long Swordsman
53:39 Cilician Fleet
53:05 Sappers
53:56 Bloodlines
53:47 Husbandry
53:07 Cavalier
53:08 Light Cavalry
53:34 Two-Handed Swordsman
56:14 Iron Casting
55:44 Scale Barding Armor
55:40 Padded Archer Armor
55:40 Bracer
55:56 Chain Mail Armor
56:55 Devotion
56:59 Caravan
56:58 Champion
58:01 Siege Ram
Connection lost

Rejoining the realm…

Still unreachable

The connection could not be restored.

Session expired

The server has moved on; the page needs a fresh start.